 Dungeon Crawl Stone Soup version 0.29.1-12-g30fa7ad0bf (webtiles) character file.

Game seed: 1494721911523474076

217 MisterFreud the Sneak (level 5, -1/37 HPs)
             Began as a Felid Berserker on Jan 6, 2023.
             Was a Believer of Trog.
             Slain by an orc
             ... wielding a +0 dagger
              (4 damage)
             ... on level 4 of the Dungeon.
             The game lasted 00:04:16 (3830 turns).

MisterFreud the Sneak (Felid Berserker)             Turns: 3830, Time: 00:04:17

Health: -1/37      AC:  1    Str: 15    XL:     5   Next: 62%
Magic:  6/6        EV: 18    Int:  9    God:    Trog [**....]
Gold:   250        SH:  0    Dex: 15    Spells: 4/4 levels left
                                        Lives:  0   Deaths: 1

rFire   . . .      SeeInvis +     - Unarmed
rCold   . . .      Faith    .   (shield unavailable)
rNeg    . . .      Spirit   .   (body armour unavailable)
rPois   .          Reflect  .   (helmet unavailable)
rElec   .          Harm     .   (cloak unavailable)
rCorr   .          Rampage  .   (gloves unavailable)
Will    .....                   (boots unavailable)
Stlth   ..........              (no amulet)
HPRegen 0.12/turn               (no ring)
MPRegen 0.10/turn               (no ring)

@: berserking, studying 2 skills, very quick
A: very small, claws 1, fangs 3, see invisible, speed 1, shaggy fur 1, stealthy
paws, no weapons or thrown items, no armour, multi-lived
a: Renounce Religion, Berserk, Trog's Hand


You were on level 4 of the Dungeon.
You worshipped Trog.
Trog was pleased with you.
You visited 1 branch of the dungeon, and saw 4 of its levels.

You collected 250 gold pieces.

Inventory:

Wands
 i - a wand of flame (20)
Scrolls
 g - a scroll of teleportation
 l - a scroll of magic mapping
Potions
 a - a potion of might
 b - a potion of berserk rage
 c - 3 potions of lignification
 d - a potion of flight {unknown}
 e - a potion of degeneration {unknown}
 f - a potion of magic {unknown}
 h - a potion of curing {unknown}
 j - a potion of attraction
 k - a potion of haste {unknown}


   Skills:
 + Level 4.4 Fighting
 + Level 4.3 Dodging
 - Level 6.0 Stealth
 * Level 5.2 Unarmed Combat


You had 4 spell levels left.
You didn't know any spells.
Your spell library was empty.

Dungeon Overview and Level Annotations

Branches:
Dungeon (4/15)
 Temple: D:4-7

Altars:
Trog


Innate Abilities, Weirdness & Mutations

You have sharp claws.
You have razor-sharp teeth.
You have supernaturally acute eyesight. (SInv)
You cover ground quickly. (Speed+)
You are covered in fur. (AC +1)
Your paws help you pounce on unaware monsters.
You are incapable of wielding weapons or throwing items.
You cannot wear armour.
You gain extra lives every three experience levels.


Message History

The orc priest shouts!
You claw the orc!
You kill the orc!
Trog accepts your kill.
An orc priest comes into view. It is wielding a +0 whip.
An orc priest comes into view. It is wielding a +0 club.
The orc priest shouts!
The orc priest misses you.
Things that are here:
a +0 club; a +0 leather armour You claw the orc priest!
You bite the orc priest.
You kill the orc priest!
Trog accepts your kill. The orc hits you with a +0 dagger.
A red film seems to cover your vision as you go berserk!
You feel yourself moving faster!
You feel mighty! The orc priest hits you with a +0 club.
The orc hits you but does no damage.
You scratch the orc priest.
The orc priest is moderately wounded.
The orc priest invokes the aid of Beogh against you.
Beogh smites you! The orc closely misses you.
You are too injured to fight recklessly!
You are too injured to fight recklessly!
You are too injured to fight recklessly!
You barely miss the orc.
Unknown command.
You claw the orc priest!
The orc priest is almost dead.
The orc priest mumbles some strange prayers to Beogh against you.
Beogh smites you!
* * * LOW HITPOINT WARNING * * *
The orc barely misses you.
You scratch the orc priest.
You kill the orc priest!
Trog accepts your kill.
Training target 6.0 for Stealth reached!
Your Stealth skill increases to level 6!
Unknown command.
You completely miss the orc priest. The orc hits you with a +0 dagger.
You die...

### ###.# #.#.#
#...## #####
##....###..o##
##.........@o.#
##........###).#
###..#####.##
...# ##...## ###
...# ##...##
...# .....# #...
....## #..#
##### #.. ####


You could see an orc priest and an orc.

Vanquished Creatures
  2 orc priests (D:4)
  Ijyb (D:3)
  2 iguanas (D:4)
  2 orc wizards (D:3)
  4 adders
  A worm (D:2)
  A dart slug (D:2)
  4 orcs
  8 ball pythons
  2 bats (D:1)
  9 endoplasms
  4 giant cockroaches
  18 goblins
  8 hobgoblins
  3 jackals (D:1)
  7 kobolds
  5 quokkas
  4 frilled lizards
  6 rats
91 creatures vanquished.

Vanquished Creatures (others)
  A fungus (D:1)
  A plant (D:1)
2 creatures vanquished.

Grand Total: 93 creatures vanquished

Notes
Turn   | Place    | Note
-------+----------+-------------------------------------------
     0 | D:1      | MisterFreud the Felid Berserker began the quest for the
                  | Orb.
     0 | D:1      | Reached XP level 1. HP: 10/10 MP: 2/2
    67 | D:1      | Reached skill level 1 in Stealth
   164 | D:1      | Reached XP level 2. HP: 14/14 MP: 3/3
   308 | D:1      | Reached skill level 2 in Stealth
   640 | D:1      | Reached XP level 3. HP: 14/17 MP: 4/4
  1071 | D:1      | Found a faded altar of an unknown god.
  1074 | D:1      | Reached skill level 3 in Stealth
  1490 | D:2      | Reached ** piety under Trog
  1946 | D:2      | Identified a scroll of acquirement
  1946 | D:2      | Acquired a manual of Fighting
  2078 | D:3      | Reached XP level 4. HP: 19/21 MP: 5/5
  2083 | D:3      | Reached skill level 4 in Stealth
  2400 | D:3      | Reached XP level 5. HP: 23/24 MP: 6/6
  2487 | D:3      | Noticed Ijyb
  2514 | D:3      | Killed Ijyb
  2782 | D:3      | Found a bloodstained altar of Trog.
  2984 | D:4      | Acquired a manual of Stealth
  3103 | D:4      | Reached skill level 5 in Stealth
  3525 | D:4      | Slain by an orc wizard
  3526 | D:4      | Reached XP level 4. HP: 0/22 MP: 5/5
  3558 | D:4      | Reached XP level 5. HP: 21/25 MP: 6/6
  3768 | D:4      | Reached skill level 5 in Unarmed Combat
  3830 | D:4      | Reached skill level 6 in Stealth
  3830 | D:4      | Slain by an orc

Illustrated notes

Levels and vault maps discovered:
D:1:      scummos_arrival_gate, layout_loops_ring,
          shapermc_ecumenical_altar_petra, solitary_fountain, st_stairs_6,
          minmay_misc_feat_ornament
D:2:      layout_loops_ring
D:3:      kennysheep_the_goblin_king, layout_basic, mainiacjoe_overflow_chevrons
D:4:      layout_layer_cave

Skill      XL: |  1  2  3  4  5 |
---------------+----------------+-----
Stealth        | 1 2 3 4 6 |  6.0
Unarmed Combat | 4 5 |  5.2
Fighting       | 4 |  4.4
Dodging        | |  4.3

Action                   |  1- 3 |  4- 6 || total
-------------------------+-------+-------++-------
Melee: Unarmed           |   101 |   117 ||   218
       Bite              |     4 |    10 ||    14
       Punch             |     2 |     1 ||     3
Invok: Berserk           |     1 |     3 ||     4
  Use: Scroll            |     5 |     4 ||     9
       Potion            |       |     2 ||     2
 Stab: Sleeping          |     9 |    11 ||    20
       Distracted        |       |     1 ||     1
Armor: Skin              |     3 |     3 ||     6
Dodge: Dodged            |    61 |    73 ||   134
